 Dungeon Crawl Stone Soup version 0.28.0-53-g5a82cb258f (webtiles) character file.

Game seed: 10148631747003857359

26082 Zeld the Thaumaturge (level 12, -12/59 HPs)
             Began as a Deep Elf Conjurer on June 3, 2022.
             Was an Initiate of Gozag.
             Mangled by an entropy weaver simulacrum (22 damage)
             ... in an ice cave.
             The game lasted 00:24:21 (23528 turns).

Zeld the Thaumaturge (Deep Elf Conjurer)           Turns: 23528, Time: 00:24:22

Health: -12/59     AC: 17    Str:  4    XL:     12   Next: 95%
Magic:  35/41      EV:  9    Int: 31    God:    Gozag
Gold:   906        SH:  0    Dex:  9    Spells: 1/39 levels left

rFire   . . .      SeeInvis +   a - staff of conjuration
rCold   . . .      Faith    .   (no shield)
rNeg    . . .      Spirit   .   E - +5 ring mail of Light {+Inv MP+9 Int+2 Dex-4}
rPois   +          Reflect  .   D - +0 helmet
rElec   .          Harm     .   J - +2 cloak {rPois}
rCorr   .          Rampage  .   A - +2 pair of gloves
Will    +....                   (no boots)
Stlth   +.........              x - amulet of magic regeneration
HPRegen 0.19/turn               e - ring of see invisible
MPRegen 0.67/turn               (no ring)

@: gold aura
A: no striking features
a: Renounce Religion, Evoke Invisibility, Potion Petition, Call Merchant, Bribe
Branch


You were in an ice cave.
You worshipped Gozag.
Gozag was pleased with you.
You visited 3 branches of the dungeon, and saw 16 of its levels.
You also visited: Ossuary, Bailey and Ice Cave.

You collected 4143 gold pieces.
You spent 1928 gold pieces at shops.
You paid 1309 gold pieces to Gozag.

Inventory:

Armour
 A - a +2 pair of gloves (worn)
 D - a +0 helmet (worn)
 E - the +5 ring mail of Light (worn) {+Inv MP+9 Int+2 Dex-4}
   (You bought it in a shop on level 11 of the Dungeon)

   Int:       It affects your intelligence (+2).
   Dex:       It affects your dexterity (-4).
   MP:        It affects your magic capacity (+9).
   +Inv:      It lets you turn invisible.
 J - a +2 cloak of poison resistance (worn)
Magical Staves
 a - a staff of conjuration (weapon)
Jewellery
 e - a ring of see invisible (left hand)
 u - a ring of fire
 x - an amulet of magic regeneration (around neck)
 z - an amulet of reflection
 G - a ring of protection from cold
Wands
 s - a wand of flame (61)
 t - a wand of digging (4)
 F - a wand of paralysis (5)
Scrolls
 h - 5 scrolls of enchant weapon
 m - 2 scrolls of amnesia
 n - 7 scrolls of teleportation
 o - 5 scrolls of fear
 v - 2 scrolls of blinking
 C - 4 scrolls of summoning
Potions
 b - a potion of resistance
 d - 11 potions of curing
 i - 3 potions of mutation {unknown}
 j - 4 potions of magic {unknown}
 k - 9 potions of ambrosia
 l - 4 potions of might {unknown}
 p - 3 potions of heal wounds {unknown}
 q - 3 potions of flight {unknown}
 r - 2 potions of degeneration {unknown}
 w - a potion of cancellation {unknown}
 B - 5 potions of invisibility {unknown}
 I - a potion of brilliance {unknown}


   Skills:
 + Level 7.3 Dodging
 - Level 2.4 Stealth
 - Level 14.0 Spellcasting
 * Level 13.3 Conjurations
 - Level 2.0 Hexes
 - Level 8.0 Translocations
 + Level 6.0 Fire Magic
 + Level 2.5 Poison Magic
 - Level 12.0 Evocations


You had one spell level left.
You knew the following spells:

 Your Spells              Type           Power      Damage    Failure   Level
a - Magic Dart            Conj           100%       1d8       1%          1
b - Searing Ray           Conj           100%       2d8       1%          2
c - Fulminant Prism       Conj/Hex       40%        3d20      5%          4
d - Iskenderun's Mystic   Conj/Tloc      93%        2d18      1%          4
e - Fireball              Conj/Fire      44%        3d18      7%          5
o - Sticky Flame          Conj/Fire      89%        2d10      2%          4
q - Olgreb's Toxic Radia  Pois           37%        N/A       43%         4
x - Blink                 Tloc           100%       N/A       1%          2
y - Manifold Assault      Tloc           63%        N/A       14%         5
z - Orb of Destruction    Conj           51%        9d13      43%         7

Your spell library contained the following spells:

 Spells                   Type           Power      Damage    Failure   Level
 Apportation              Tloc           100%       N/A       1%          1
 Sting                    Tmut/Pois      100%       1d8       8%          1
 Animate Skeleton         Necr           42%        N/A       13%         1
 Sandblast                Erth           42%        2d11      13%         1
 Summon Small Mammal      Summ           84%        N/A       13%         1
 Static Discharge         Conj/Air       76%        N/A       1%          2
 Dazzling Flash           Conj/Hex       100%       N/A       1%          3
 Stone Arrow              Conj/Erth      100%       3d13      2%          3
 Hailstorm                Conj/Ice       76%        3d16      9%          4
 Poisonous Vapours        Pois/Air       58%        N/A       12%         2
 Ensorcelled Hibernation  Hex/Ice        54%        N/A       13%         2
 Corpse Rot               Necr/Air       42%        N/A       21%         2
 Passwall                 Tmut/Erth      17%        N/A       21%         2
 Spider Form              Tmut/Pois      29%        N/A       24%         3
 Summon Guardian Golem    Hex/Summ       27%        N/A       26%         3
 Swiftness                Air            21%        N/A       36%         3
 Starburst                Conj/Fire      44%        6d12      36%         6
 Summon Forest            Summ/Tloc      23%        N/A       56%         5
 Anguish                  Hex/Necr       13%        N/A       65%         4
 Leda's Liquefaction      Hex/Erth       13%        N/A       65%         4
 Animate Dead             Necr           10%        N/A       78%         4
 Dispel Undead            Necr           21%        3d11      78%         4
 Ice Form                 Ice/Tmut       21%        N/A       78%         4
 Lee's Rapid Deconstruct  Erth           10%        3d9*      98%         5
 Eringya's Noxious Bog    Tmut/Pois      14%        N/A       100%        6
 Simulacrum               Ice/Necr       10%        N/A       100%        6
 Statue Form              Tmut/Erth      14%        N/A       100%        6
 Haunt                    Necr/Summ      10%        N/A       100%        7
 Spellforged Servitor     Conj/Summ      38%        N/A       100%        7
 Storm Form               Tmut/Air       10%        N/A       100%        7
 Summon Hydra             Summ           10%        N/A       100%        7
 Ignition                 Fire           28%        3d9       100%        8
 Infestation              Necr           10%        N/A       100%        8


Dungeon Overview and Level Annotations

Branches:
Dungeon (12/15)            Temple (1/1) D:4            Lair (3/6) D:11
  Swamp (0/4) Lair:3       Spider (0/4) Lair:2          Orc (0/2) D:9
Ossuary (visited)          Bailey (visited)           IceCv (1/1)

Altars:
Ashenzari
Cheibriados
Dithmenos
Elyvilon
Fedhas
Gozag
Hepliaklqana
Kikubaaqudgha
Makhleb
Nemelex Xobeh
Okawaru
Qazlal
Ru
Sif Muna
Trog
Uskayaw
Vehumet
Wu Jian
Xom
Yredelemnul
Zin
The Shining One

Shops:
D:3 (   D:6 *   D:10 :   D:11 [*=

Portals:
Abyss: Lair:2

Annotations:
Lair:2 2 transporters, Brotato's ghost, journeyman DrFE


Message History

You start resting.
Magic restored.
You start resting.
HP restored.
You start waiting.
Done waiting.
You see here 6 gold pieces.
An ice devil comes into view.
An ufetubus and a freezing wraith come into view.
The ufetubus shouts!
An entropy weaver simulacrum comes into view.
The ufetubus moves out of view.
There are monsters nearby!
There are monsters nearby!
There are monsters nearby!
Casting: Iskenderun's Mystic Blast (dangerous; 1% risk of failure)
Confirm with . or Enter, or press ? or * to list all spells.
You feel a surge of power!
You erupt in a blast of force!
The mystic blast hits the freezing wraith!!
The freezing wraith is heavily damaged.
The freezing wraith is knocked back by the mystic blast.
The mystic blast hits the ice devil!!
The ice devil is severely wounded.
The ice devil is knocked back by the mystic blast.
Unknown command.
Casting: Iskenderun's Mystic Blast (dangerous; 1% risk of failure)
Confirm with . or Enter, or press ? or * to list all spells.
You feel a surge of power!
You erupt in a blast of force!
The mystic blast hits the ufetubus!
You kill the ufetubus!
The entropy weaver simulacrum hits you!
The entropy weaver simulacrum freezes you!!!
Ouch! That really hurt!
* * * LOW HITPOINT WARNING * * *
The entropy weaver simulacrum hits you but does no damage.
The entropy weaver simulacrum hits you.
* * * LOW HITPOINT WARNING * * *
The entropy weaver simulacrum freezes you!!
You die...
Your body crumbles into a pile of gold.

##.$#..## $ ##...##..#
..#8..## ##.$.####.##
#......# #...## #..##
#......## ...## ##..#
.......## .$## #..##
........# .###### ##..#
#.......# ###...##
#..###Z4W..# ##.....##
##..##@....# #...#...#
#..#.....## ..####..#
##...##### .## #..##
##.## ## ##..## ### #
#...## ##....## ####
#......# #### ##..##
##.....####..#####....##


You could see an ice devil, a freezing wraith and an entropy weaver simulacrum.

Vanquished Creatures
  Gastronok (Lair:2)
  A centaur warrior (D:11)
  A two-headed ogre (D:11)
  3 orc knights (Bailey)
  2 orc sorcerers (Bailey)
  A manticore (D:12)
  2 ugly things
  3 cyclopes
  Maggie (D:8)
  7 cane toads
  A freezing wraith (IceCv)
  3 ice devils (IceCv)
  3 komodo dragons
  A tengu conjurer (D:7)
  A meliai (Lair:2)
  A queen bee (D:10)
  A hornet (D:11)
  Prince Ribbit (D:8)
  2 shadows
  A wyvern (Lair:2)
  4 wraiths
  19 yaks
  A basilisk (Lair:2)
  6 vampire mosquitoes
  2 death yak simulacra (IceCv)
  2 wargs (D:9)
  8 water moccasins
  A black bear (D:5)
  2 ice beasts
  13 orc warriors
  6 ogres
  A necrophage (D:7)
  3 centaurs
  2 phantoms
  A kobold brigand (D:7)
  12 bullfrogs
  A two-headed ogre simulacrum (IceCv)
  2 cane toad simulacra (IceCv)
  4 scorpions
  2 water moccasin zombies (Ossuary)
  A wyvern skeleton (D:6)
  2 water moccasin skeletons (D:5)
  26 killer bees
  8 wights
  3 elephant simulacra (IceCv)
  7 howler monkeys
  6 electric eels (Bailey)
  9 centaur zombies
  5 bullfrog zombies
  2 bullfrog skeletons
  6 orc priests
  5 hounds
  An iron imp (D:7)
  2 centaur skeletons
  9 orc wizards
  3 iguanas
  2 hell rats (Lair:1)
  A polar bear simulacrum (IceCv)
  7 killer bee zombies
  2 troll simulacra (IceCv)
  A wolf simulacrum (IceCv)
  A hound skeleton (D:3)
  18 mummies (Ossuary)
  A howler monkey skeleton (D:7)
  8 gnolls
  3 adders
  A naga simulacrum (IceCv)
  8 river rats (Lair:1)
  13 white imps
  2 ufetubi
  4 worms
  6 dart slugs
  43 orcs
  4 ball pythons
  4 bats (D:2)
  4 endoplasms
  A giant cockroach (D:4)
  10 goblins
  15 hobgoblins
  4 jackals (D:3)
  6 quokkas
  3 frilled lizards
  7 kobolds
  3 rats
406 creatures vanquished.

Vanquished Creatures (others)
  7 fulminant prisms
  10 fungi
  30 plants
  6 withered plants (Ossuary)
53 creatures vanquished.

Grand Total: 459 creatures vanquished

Notes
Turn   | Place    | Note
-------+----------+-------------------------------------------
     0 | D:1      | Zeld the Deep Elf Conjurer began the quest for the Orb.
     0 | D:1      | Reached XP level 1. HP: 10/10 MP: 6/6
   308 | D:1      | Reached skill level 1 in Hexes
   308 | D:1      | Reached XP level 2. HP: 15/15 MP: 4/8
   311 | D:1      | Learned a level 2 spell: Searing Ray
   916 | D:2      | Reached skill level 1 in Translocations
  1179 | D:2      | Reached XP level 3. HP: 19/19 MP: 6/10
  1189 | D:2      | Reached skill level 4 in Spellcasting
  1573 | D:2      | Reached skill level 1 in Evocations
  1573 | D:2      | Reached XP level 4. HP: 19/24 MP: 6/12
  1650 | D:2      | Learned a level 4 spell: Fulminant Prism
  1714 | D:2      | Learned a level 4 spell: Iskenderun's Mystic Blast
  2857 | D:3      | Reached XP level 5. HP: 28/28 MP: 8/14
  2955 | D:3      | Found a faded altar of an unknown god.
  2959 | D:3      | Learned a level 2 spell: Blink
  2988 | D:3      | Reached skill level 5 in Spellcasting
  3104 | D:3      | Reached skill level 5 in Conjurations
  3208 | D:3      | Found Pelyaddu's Weapon Shop.
  3621 | D:4      | Noticed an ogre
  3635 | D:4      | Killed an ogre
  3636 | D:4      | Reached skill level 6 in Spellcasting
  3636 | D:4      | Reached XP level 6. HP: 29/32 MP: 4/17
  4221 | D:4      | Found a staircase to the Ecumenical Temple.
  4334 | Temple   | Entered the Ecumenical Temple
  4377 | Temple   | Became a worshipper of Gozag Ym Sagoz the Greedy
  5298 | D:5      | Entered Level 5 of the Dungeon
  5414 | D:5      | Reached XP level 7. HP: 27/36 MP: 10/19
  5488 | D:5      | Learned a level 5 spell: Manifold Assault
  5497 | D:5      | Reached skill level 7 in Spellcasting
  5812 | D:5      | Reached skill level 5 in Evocations
  5914 | D:5      | Reached XP level 8. HP: 33/41 MP: 15/21
  5985 | D:5      | Reached skill level 8 in Spellcasting
  6085 | D:5      | Learned a level 4 spell: Sticky Flame
  6681 | D:6      | Found Kanusu's Assorted Antiques.
  6687 | D:6      | Bought a copper wand for 116 gold pieces
  6687 | D:6      | Bought a wand of flame (8) for 29 gold pieces
  6687 | D:6      | Bought a short silver wand for 116 gold pieces
  6700 | D:6      | Bought a bone ring for 145 gold pieces
  6704 | D:6      | Reached skill level 1 in Fire Magic
  7391 | D:6      | Reached skill level 5 in Translocations
  7520 | D:7      | Found a snail-covered altar of Cheibriados.
  7596 | D:7      | Reached skill level 9 in Spellcasting
  7612 | D:7      | Reached XP level 9. HP: 33/45 MP: 2/24
  8068 | D:7      | Noticed a gargoyle
  9804 | D:7      | Noticed a cyclops
  9806 | D:7      | Reached skill level 10 in Spellcasting
  9807 | D:7      | Killed a cyclops
  9808 | D:7      | Noticed a tengu conjurer
 10136 | D:7      | Killed a tengu conjurer
 10446 | D:8      | Learned a level 7 spell: Orb of Destruction
 10595 | D:8      | Found a sand-covered staircase.
 10601 | Ossuary  | Entered an ossuary
 11012 | Ossuary  | Reached XP level 10. HP: 26/50 MP: 21/26
 11302 | Ossuary  | Reached skill level 11 in Spellcasting
 11971 | D:8      | Noticed Maggie
 11982 | D:8      | Killed Maggie
 12482 | D:8      | Noticed Prince Ribbit
 12492 | D:8      | Killed Prince Ribbit
 13206 | D:9      | Found a staircase to the Orcish Mines.
 14077 | D:9      | Reached skill level 12 in Spellcasting
 14994 | D:10     | Entered Level 10 of the Dungeon
 14998 | D:10     | Reached skill level 10 in Evocations
 15014 | D:10     | Noticed a cyclops
 15020 | D:10     | Killed a cyclops
 15050 | D:10     | Reached XP level 11. HP: 47/54 MP: 2/29
 15286 | D:10     | Identified the +3 spear of the Pure Thickets {speed, rC+
                  | Will+ Int-4 Dex+2}
 15287 | D:10     | Found a flagged portal.
 15305 | Bailey   | Entered a bailey
 15562 | Bailey   | Noticed an orc knight
 15587 | Bailey   | Killed an orc knight
 15630 | Bailey   | Noticed an orc knight
 15643 | Bailey   | Killed an orc knight
 15734 | Bailey   | Noticed an orc knight
 15752 | Bailey   | Killed an orc knight
 15829 | Bailey   | Reached skill level 10 in Conjurations
 16166 | Bailey   | Noticed an orc sorcerer
 16174 | Bailey   | Found an iron altar of Okawaru.
 16179 | Bailey   | Noticed an orc sorcerer
 16194 | Bailey   | Killed an orc sorcerer
 16464 | Bailey   | Killed an orc sorcerer
 16962 | Bailey   | Identified the +0 helmet of Creativity {rF- rN+++ Str+3
                  | Slay-5}
 17083 | D:10     | Acquired 1044 gold pieces
 17513 | D:10     | Bought a book of Fire for 660 gold pieces
 17522 | D:10     | Learned a level 5 spell: Fireball
 17944 | D:11     | Bought a masterwork ring mail for 225 gold pieces
 17944 | D:11     | Identified the +5 ring mail of Light {+Inv MP+9 Int+2
                  | Dex-4} (You bought it in a shop on level 11 of the Dungeon)
 17944 | D:11     | Bought a glowing cloak for 187 gold pieces
 17944 | D:11     | Bought an embroidered cloak for 187 gold pieces
 18047 | D:11     | Noticed a centaur warrior
 18051 | D:11     | Killed a centaur warrior
 18052 | D:11     | Reached skill level 13 in Spellcasting
 18265 | D:11     | Noticed a white ugly thing
 18272 | D:11     | Killed a white ugly thing
 18388 | D:11     | Noticed a two-headed ogre
 18393 | D:11     | Killed a two-headed ogre
 18652 | D:11     | Reached XP level 12. HP: 59/59 MP: 31/31
 18695 | D:11     | Found a staircase to the Lair.
 18760 | D:11     | Found Pankot's Jewellery Emporium.
 18801 | D:11     | Found Faumubag's Assorted Antiques.
 18810 | D:11     | Bought a scroll labelled NEKLAW LINOOMAOT for 31 gold
                  | pieces
 18810 | D:11     | Bought a scroll of enchant armour for 232 gold pieces
 19000 | D:11     | Learned a level 4 spell: Olgreb's Toxic Radiance
 19214 | D:12     | Reached skill level 5 in Dodging
 20215 | Lair:1   | Entered Level 1 of the Lair of Beasts
 20243 | Lair:1   | Reached skill level 14 in Spellcasting
 21508 | Lair:2   | Found a hole to the Spider Nest.
 21810 | Lair:2   | Reached skill level 5 in Fire Magic
 21971 | Lair:2   | Found a transporter.
 21998 | Lair:2   | Found a one-way gate to the infinite horrors of the Abyss.
 21998 | Lair:2   | Noticed Brotato's ghost (journeyman DrFE)
 21999 | Lair:2   | Noticed a purple very ugly thing
 22196 | Lair:2   | Noticed Gastronok
 22672 | Lair:2   | Killed Gastronok
 22673 | Lair:2   | Reached skill level 1 in Poison Magic
 22830 | Lair:2   | Found a transporter.
 23060 | Lair:3   | Found a frozen archway.
 23074 | IceCv    | Entered an ice cave
 23528 | IceCv    | Mangled by an entropy weaver simulacrum

Illustrated notes

Levels and vault maps discovered:
D:1:      dpeg_arrival_simpleton_a, layout_basic
D:2:      minmay_alternating_diamond, layout_basic, minmay_misc_feat_plants
D:3:      layout_rooms, basic_ecumenical_altar, serial_shops,
          nicolae_shop_behind_doors
D:4:      layout_layer_cave, minmay_temple_entry_waves
D:5:      layout_cave_pools, hangedman_decor_push
D:6:      layout_gridville, serial_shops, shop
D:7:      nzn_winding_woodlands_stair_cross [nzn_winding_woodlands_5x15_pool,
          nzn_winding_woodlands_center_diamonds,
          nzn_winding_woodlands_5x15_cabin, nzn_winding_woodlands_5x5_three,
          nzn_winding_woodlands_5x5_closed_star, nzn_winding_woodlands_5x15_eye,
          nzn_winding_woodlands_center_triple_pond,
          nzn_winding_woodlands_5x15_twine], layout_loops_ring, slow_altar_1
D:8:      layout_basic, enter_ossuary_5, serial_rivers,
          chequers_serial_rivers_micro_a, chequers_serial_rivers_marsh,
          chequers_serial_rivers_micro_c, chequers_serial_rivers_small_3,
          uniq_prince_ribbit1, uniq_maggie
D:9:      layout_basic, david_orc_1_choice
D:10:     layout_roguey [special_room_bee], enter_bailey_6, roderic_lattice_a,
          lightli_minifort
D:11:     layout_roguey, david_lair_shrubbed, serial_shops, nicolae_shop_trees,
          shop, grunt_ogre_cave
D:12:     layout_irregular_city
Temple:   nicolae_temple_the_god_donut
Lair:1:   layout_regular_city, kennysheep_rathole, infiniplex_staircase_pool,
          grunt_megastairs_1
Lair:2:   layout_gridlike, hellmonk_spider_entry_not_the_bees,
          gammafunk_ghost_abyssal_escape, uniq_gastronok
Lair:3:   layout_gridlike, swamp_mist_pool, portal_ice_cave_entry_imps,
          infiniplex_staircase_pool_2, grunt_megastairs_4
IceCv:    ice_cave_small_necro

Skill      XL: |  1  2  3  4  5  6  7  8  9 10 11 12 |
---------------+-------------------------------------+-----
Hexes          | 1 2 |  2.0
Translocations | 1 2 3 5 7 8 |  8.0
Spellcasting   | 4 6 7 9 10 12 13 14 | 14.0
Evocations     | 1 3 4 5 6 8 10 12 | 12.0
Conjurations   | 5 6 7 9 11 13 | 13.3
Fire Magic     | 2 3 6 |  6.0
Dodging        | 4 7 |  7.3
Poison Magic   | 2 |  2.5
Stealth        | |  2.4

Action                   |  1- 3 |  4- 6 |  7- 9 | 10-12 || total
-------------------------+-------+-------+-------+-------++-------
Melee: Staff             |     4 |     8 |    25 |    86 ||   123
       Punch             |       |       |     1 |     1 ||     2
 Cast: Magic Dart        |    13 |     1 |     1 |     8 ||    23
       Searing Ray       |    14 |    45 |    44 |     4 ||   107
       Iskenderun's Myst |       |     1 |    65 |   285 ||   351
       Fulminant Prism   |       |       |       |     7 ||     7
       Manifold Assault  |       |       |       |     2 ||     2
       Sticky Flame      |       |       |       |     6 ||     6
       Fireball          |       |       |       |    14 ||    14
Invok: Call Merchant     |       |       |       |     2 ||     2
Evoke: Wand              |       |       |       |     3 ||     3
  Use: Scroll            |       |       |     5 |    14 ||    19
       Potion            |       |       |       |     1 ||     1
 Stab: Sleeping          |     1 |     2 |       |       ||     3
       Distracted        |       |       |     1 |       ||     1
Armor: Robe              |     3 |     2 |    14 |    15 ||    34
       Ring mail         |       |       |       |    62 ||    62
Dodge: Dodged            |    21 |    29 |    74 |   138 ||   262
